 Dungeon Crawl Stone Soup version 0.24-a0-783-ge536774 (webtiles) character file.

Game seed: 4614296380809112995, levelgen mode: deterministic

1043 2tousent the Insei (level 8, 0/59 HPs)
             Began as a Red Draconian Transmuter on Oct 8, 2019.
             Slain by an orc warrior
             ... wielding a +0 hand axe
              (10 damage)
             ... on level 6 of the Dungeon.
             The game lasted 00:18:18 (7065 turns).

2tousent the Insei (Red Draconian Transmuter)       Turns: 7065, Time: 00:18:18

Health: 0/59       AC:  2    Str: 13    XL:     8   Next: 4%
Magic:  11/14      EV: 19    Int: 14    God:
Gold:   303        SH:  0    Dex: 18    Spells: 7/15 levels left

rFire    . . .     SeeInvis .     - Unarmed
rCold    . . .     Gourm    .   (shield currently unavailable)
rNeg     . . .     Faith    .   (armour unavailable)
rPois    x         Spirit   .   (helmet currently unavailable)
rElec    .         Reflect  .   (cloak currently unavailable)
rCorr    .         Harm     .   (gloves currently unavailable)
MR       .....                  (boots currently unavailable)
Stlth    ++........             (no amulet)
HPRegen  0.19/turn              (no ring)
MPRegen  0.14/turn              (no ring)

@: short of breath, spider-form
A: tiny, (breathe fire), unfitting armour, AC +6
a: End Transformation


You were on level 6 of the Dungeon.
You were not hungry.
You were a venomous arachnid creature.
You visited 1 branch of the dungeon, and saw 6 of its levels.

You collected 303 gold pieces.

Inventory:

Missiles
 a - 91 arrows
Armour
 g - a +1 cloak (melded)
Jewellery
 j - the amulet "Wenwuz" {Inacc rElec}
   (You found it on level 5 of the Dungeon)

   [amulet of inaccuracy]

   It reduces the accuracy of all your attacks.
   It insulates you from electricity.
Scrolls
 d - 2 scrolls of noise
 f - 3 scrolls of teleportation
Potions
 b - a potion of invisibility
 e - a potion of haste
 h - 2 potions of magic
 k - a potion of might
 l - a potion of lignification
 m - 2 potions of cancellation {unknown}
 n - a potion of agility
 p - 2 potions of heal wounds {unknown}
 s - a potion of berserk rage {unknown}
Comestibles
 c - 14 rations
 i - 3 chunks of flesh


   Skills:
 - Level 1.1 Fighting
 - Level 1.7 Dodging
 * Level 6.2 Unarmed Combat
 + Level 4.0 Spellcasting
 * Level 5.7 Transmutations
 - Level 0.8 Ice Magic
 - Level 3.0 Poison Magic


You had 7 spell levels left.
You knew the following spells:

 Your Spells              Type           Power        Failure   Level  Hunger
a - Beastly Appendage     Tmut           ###...       8%          1    None
b - Spider Form           Tmut/Pois      ###.......   24%         3    ###....
c - Ice Form              Ice/Tmut       ##......     67%         4    ####...

Your spell library contained the following spells:

 Spells                   Type           Power        Failure   Level  Hunger
 Sticks to Snakes         Tmut           ###.....     10%         2    ##.....
 Animate Skeleton         Necr           N/A          38%         1    None
 Apportation              Tloc           #.....       38%         1    None
 Confusing Touch          Hex            #.....       38%         1    None
 Summon Small Mammal      Summ           #...         38%         1    None
 Blade Hands              Tmut           ###.......   67%         5    ######.


Dungeon Overview and Level Annotations

Branches:
Dungeon (6/15)
 Temple: D:4-7

Altars:
Okawaru


Innate Abilities, Weirdness & Mutations

((You can breathe blasts of fire.))
((Your fiery red scales are hard. (AC +6)))
You cannot fit into any form of body armour.
((Your flesh is heat resistant. (rF+)))
((You are cold-blooded and may be slowed by cold attacks.))


Message History

The orc priest looks satisfied for a moment.
The orc warrior barely misses you.
You barely miss the orc warrior.
The orc priest is engulfed in blazing flames.
The orc warrior completely misses you.
You hit the orc warrior.
The orc warrior is poisoned.
The orc warrior is lightly wounded.
The orc priest is engulfed in blazing flames.
You kill the orc priest!
The orc warrior hits you with a +0 hand axe!
You hit the orc warrior.
The orc warrior looks as sick as possible!
The orc warrior is moderately wounded.
The orc warrior hits you with a +0 hand axe!
* * * LOW HITPOINT WARNING * * *
You hit the orc warrior.
The orc warrior looks as sick as possible!
The orc warrior is moderately wounded.
The orc warrior hits you with a +0 hand axe!
You die...

##.##.#....# ##
......##..###.#
...#####...#.# ####
#..#..# #..##.#
##..##.#####
.....(......#####o..
###.........oZ.°l{..
#########s#####...
#.# #.# #.. #.. #...
#.#. #.##.


You could see an orc warrior, an iguana, an orc and a hound skeleton.

Vanquished Creatures
  An ogre (D:4)
  A centaur (D:5)
  A bullfrog (D:6)
  5 orc priests
  2 jellies
  A gnoll shaman (D:5)
  A bullfrog skeleton (D:6)
  A centaur skeleton (D:6)
  4 orc wizards
  A worker ant (D:5)
  A worker ant zombie (D:6)
  12 gnolls
  A howler monkey skeleton (D:4)
  11 adders
  An adder skeleton (D:4)
  2 worms (D:2)
  4 dart slugs
  7 leopard geckos
  21 orcs
  4 ball pythons
  5 bats
  4 giant cockroaches
  12 hobgoblins
  9 jackals
  8 kobolds
  2 quokkas
  3 frilled lizards
  3 goblins
  A quokka skeleton (D:4)
  6 rats
135 creatures vanquished.

Notes
Turn   | Place    | Note
-------+----------+-------------------------------------------
     0 | D:1      | 2tousent the Draconian Transmuter began the quest for the
                  | Orb.
     0 | D:1      | Reached XP level 1. HP: 16/16 MP: 3/3
   110 | D:1      | Reached XP level 2. HP: 17/23 MP: 5/5
   884 | D:1      | Reached XP level 3. HP: 21/28 MP: 6/6
  1259 | D:1      | Learned a level 3 spell: Spider Form
  1507 | D:2      | HP: 1/28 [poisoned by an adder]
  1821 | D:2      | HP: 1/28 [gnoll/+0 flail (1)]
  1826 | D:2      | HP: 1/28 [gnoll/+0 flail (1)]
  1828 | D:1      | Reached XP level 4. HP: 1/35 MP: 0/7
  2370 | D:2      | Reached skill level 4 in Unarmed Combat
  2690 | D:2      | Reached skill level 1 in Poison Magic
  2690 | D:2      | Reached XP level 5. HP: 40/40 MP: 7/9
  3115 | D:2      | Learned a level 4 spell: Ice Form
  3833 | D:3      | Reached XP level 6. HP: 19/47 MP: 7/10
  4091 | D:3      | Found a faded altar of an unknown god.
  5304 | D:5      | Entered Level 5 of the Dungeon
  5383 | D:5      | Reached skill level 5 in Unarmed Combat
  5406 | D:5      | Found an iron altar of Okawaru.
  5419 | D:5      | Reached skill level 1 in Ice Magic
  5434 | D:5      | Your scales start taking on a fiery red colour.
  5434 | D:5      | Reached XP level 7. HP: 31/52 MP: 5/11
  5434 | D:5      | Gained mutation: Your flesh is heat resistant. (rF+) [Red
                  | Draconian growth]
  5632 | D:5      | Got a pitted iron amulet
  5635 | D:5      | Identified the amulet "Wenwuz" {Inacc rElec} (You found it
                  | on level 5 of the Dungeon)
  6349 | D:6      | Reached skill level 5 in Transmutations
  6499 | D:6      | HP: 2/52 [gnoll shaman/+0 club (4)]
  6849 | D:6      | Reached skill level 6 in Unarmed Combat
  6869 | D:6      | Reached XP level 8. HP: 12/59 MP: 12/14
  7065 | D:6      | Slain by an orc warrior

Levels and vault maps discovered:
D:1:      nicolae_arrival_washed_ashore, layout_loops_cross,
          grunt_decor_arrowhead
D:2:      layout_basic, minmay_tall_x
D:3:      layout_loops_ring, first_ration,
          chequers_ecumenical_altar_simple_redux
D:4:      layout_loops_ring
D:5:      layout_basic, basic_altar
D:6:      layout_loops_ring, yredelemnul_altar_generic,
          minmay_temple_entry_drinking_statues, uniq_prince_ribbit1

Skill      XL: |  1  2  3  4  5  6  7 |
---------------+----------------------+-----
Transmutations | 3 4 5 |  5.7
Unarmed Combat | 4 5 6 |  6.2
Poison Magic   | 1 2 3 |  3.0
Spellcasting   | 3 4 |  4.0
Ice Magic      | 0 |  0.8
Fighting       | |  1.1
Dodging        | |  1.7

Action                   |  1- 3 |  4- 6 |  7- 9 || total
-------------------------+-------+-------+-------++-------
Melee: Unarmed           |   145 |   227 |    79 ||   451
       Tailslap          |    17 |    13 |     1 ||    31
       Kick              |     7 |     4 |       ||    11
       Headbutt          |     5 |     3 |       ||     8
       Punch             |     1 |     3 |     1 ||     5
 Cast: Beastly Appendage |    10 |     7 |       ||    17
       Spider Form       |     2 |     9 |     6 ||    17
 Abil: Breathe Fire      |       |       |    14 ||    14
  Use: Scroll            |       |    11 |       ||    11
       Potion            |       |       |     1 ||     1
 Stab: Sleeping          |     1 |     1 |       ||     2
  Eat: Chunk             |     4 |    12 |     9 ||    25
Armor: Skin              |    27 |    55 |     8 ||    90
Dodge: Dodged            |    89 |   151 |    67 ||   307

Table legend:
 A = Non-vault XP
 B = Vault XP
 C = Vault XP percentage of total XP
 D = Non-vault monster count
 E = Vault monster count
 F = Vault count percentage of total count
                 A         B        C        D         E       F
            +---------+---------+-------+---------+---------+-------
      Total |    1468 |      22 |   1.5 |     131 |       4 |   3.0
            +---------+---------+-------+---------+---------+-------
        D:1 |      75 |       0 |   0.0 |      32 |       0 |   0.0
        D:2 |     128 |      22 |  14.7 |      25 |       4 |  13.8
        D:3 |     199 |       0 |   0.0 |      22 |       0 |   0.0
        D:4 |     205 |       0 |   0.0 |      12 |       0 |   0.0
        D:5 |     426 |       0 |   0.0 |      21 |       0 |   0.0
        D:6 |     435 |       0 |   0.0 |      19 |       0 |   0.0
            +---------+---------+-------+---------+---------+-------
